 Dungeon Crawl Stone Soup version 0.20-b1 (webtiles) character file.

186 Lochraine the Distorting Demonspawn (level 5, -12/42 HPs)
             Began as a Demonspawn Abyssal Knight on May 19, 2017.
             Was a Believer of Lugonu.
             Mangled by an orc warrior
             ... wielding a +0 long sword
              (17 damage)
             ... on level 2 of the Dungeon.
             The game lasted 00:08:18 (3844 turns).

Lochraine the Distorting Demonspawn (DsAK)          Turns: 3844, Time: 00:08:19

Health: -12/42     AC: 10    Str: 17 (18) XL:     5   Next: 38%
Magic:  8/8        EV:  8    Int: 11 (13) God:    Lugonu [**....]
Gold:   171        SH:  0    Dex: 11 (13) Spells: 4/4 levels left

rFire    . . .     SeeInvis .   a - +2 hand axe
rCold    . . .     Gourm    +   (no shield)
rNeg     . . .     Faith    .   s - +0 chain mail
rPois    .         Spirit   .   e - +0 helmet
rElec    .         Reflect  .   (no cloak)
rCorr    .         Harm     .   (no gloves)
MR       .....                  (no boots)
Stlth    ..........             d - amulet of the gourmand
Regen    0.2/turn               (no ring)
MPRegen  0.2/turn               (no ring)

@: mighty
A: hooves 1, sturdy frame 1
a: Depart the Abyss, Bend Space, Renounce Religion


You were on level 2 of the Dungeon.
You worshipped Lugonu.
Lugonu was pleased with you.
You were very full.

You visited 1 branch of the dungeon, and saw 3 of its levels.
You visited the Abyss 1 time.

You collected 171 gold pieces.

Inventory:

Hand Weapons
 a - a +2 hand axe (weapon)
Missiles
 j - 7 javelins
 m - 4 tomahawks (quivered)
Armour
 e - a +0 helmet (worn)
   (You found it on level 1 of the Dungeon)
 s - a +0 chain mail (worn)
   (You took it off an orc on level 3 of the Dungeon)
Jewellery
 d - an amulet of the gourmand (around neck)
   (You found it on level 1 of the Abyss)
Scrolls
 b - a scroll of blinking {unknown}
 c - a scroll of identify {@r1}
 o - a scroll of immolation {unknown}
 r - a scroll of recharging {unknown}
Potions
 g - a potion of degeneration {!q}
 i - 2 potions of flight
 k - a potion of heal wounds {unknown}
 l - 2 potions of might
Comestibles
 f - 2 fruits
 h - a meat ration
 p - a royal jelly
 q - 3 bread rations


   Skills:
 + Level 3.8 Fighting
 + Level 2.8 Axes
 + Level 3.0 Armour
 - Level 1.3 Dodging
 + Level 4.3 Invocations


You had 4 spell levels left.
You didn't know any spells.

Dungeon Overview and Level Annotations

Branches:
Dungeon (3/15)

Altars:


Innate Abilities, Weirdness & Mutations

You have large cloven feet.
Your movements are slightly less encumbered by armour. (ER -2)


Message History

Your chain mail prevents you from hitting the orc.
The orc hits you with a whip.
Aim: an orc warrior, wielding a long sword and wearing a plate armour You throw a tomahawk.
The tomahawk hits the orc but does no damage.
The orc completely misses you.
You closely miss the orc. The orc hits you but does no damage.
The orc barely misses you. The orc hits you but does no damage.
You slash the orc!
You kill the orc!
Lugonu accepts your kill.
You hit the orc. The orc hits you but does no damage.
You hit the orc. You hit the orc warrior.
The orc warrior hits you but does no damage.
The orc hits you but does no damage.
You hit the orc warrior but do no damage.
Your kick misses the orc warrior.
You aren't carrying any items that you can evoke.
Unknown command.
Unknown command.
You hit the orc warrior.
The orc warrior hits you but does no damage.
You completely miss the orc warrior.
You kick the orc warrior, but do no damage.
The orc warrior hits you but does no damage.
You hit the orc warrior but do no damage.
The orc warrior hits you with a long sword!
You hit the orc warrior.
The orc warrior hits you with a long sword.
You hit the orc warrior but do no damage.
The orc warrior hits you with a long sword!
You see here a hand axe.
There is a stone staircase leading up here.
The orc warrior hits you with a long sword!
* * * LOW HITPOINT WARNING * * *
You climb upwards.
There is a stone staircase leading down here.
An adder comes into view.
The adder hisses angrily.
It was a potion of might.
You feel very mighty all of a sudden.
The orc warrior hits you but does no damage.
You hit the orc warrior. You kick the orc warrior.
The orc warrior hits you with a long sword!
* * * LOW HITPOINT WARNING * * *
It was a potion of degeneration.
There was something very wrong with that liquid.
You feel weakened.
You feel dopey.
You feel clumsy.
The orc warrior hits you with a long sword!
You die...

.# #...###### #.#####.##.
.# ##.......#####.# #.##>
######## #.......+.....#
#...[
.......####.......#####.#
#..#.
.......'..>...........#.#
#..##
.......######.#######.#.#
#..## .......#
#.#.S.....(.#####..##
.......#
#.##o####..........##
.......# #.##@#
#............ ####'###
#.##.####.....(..####
#.....#
#.##......<..........
#.....#
#.#########.#.#######
#.....# #...........#.#
####'### #############.#
.....# #.#
################# #.#
................# #.#


You could see an orc warrior and an adder.

Vanquished Creatures
  A hound (D:3)
  An orc priest (D:3)
  3 adders (D:2)
  2 worms (D:2)
  3 dart slugs (D:1)
  7 orcs
  3 ball pythons
  8 bats
  A giant cockroach (D:2)
  10 goblins
  11 hobgoblins
  4 jackals (D:1)
  5 kobolds
  A quokka (D:3)
  6 frilled lizards
  14 rats
80 creatures vanquished.

Vanquished Creatures (others)
  A plant (D:1)
1 creature vanquished.

Grand Total: 81 creatures vanquished

Notes
Turn   | Place    | Note
-------+----------+-------------------------------------------
     0 | Abyss:1  | Lochraine the Demonspawn Abyssal Knight began the quest for the Orb.
     0 | Abyss:1  | Reached XP level 1. HP: 18/18 MP: 2/2
    47 | Abyss:1  | Noticed an orange demon
    52 | Abyss:1  | Noticed a starcursed mass
    62 | Abyss:1  | Noticed a wolf spider zombie
    65 | Abyss:1  | Noticed a large abomination
    70 | D:1      | Escaped the Abyss
   115 | D:1      | Reached skill level 1 in Dodging
   333 | D:1      | Gained mutation: You have large cloven feet. [demonic ancestry]
   333 | D:1      | Reached XP level 2. HP: 20/24 MP: 4/4
   366 | D:1      | Reached * piety under Lugonu
   390 | D:1      | Reached skill level 3 in Invocations
   898 | D:1      | Reached XP level 3. HP: 27/29 MP: 5/5
  1953 | D:2      | Reached ** piety under Lugonu
  2072 | D:2      | Gained mutation: Your movements are slightly less encumbered by armour. (ER -2) [demonic ancestry]
  2072 | D:2      | Reached XP level 4. HP: 15/35 MP: 6/6
  2995 | D:3      | Reached skill level 4 in Invocations
  3040 | D:3      | Reached XP level 5. HP: 21/41 MP: 8/8
  3330 | D:3      | Noticed an orc warrior
  3844 | D:2      | Mangled by an orc warrior

Skill      XL: |  1  2  3  4  5 |
---------------+----------------+-----
Dodging        | 1 |  1.3
Invocations    | 3 4 |  4.3
Armour         | 2 3 |  3.0
Axes           | 2 |  2.8
Fighting       | |  3.8

Action                   |  1- 3 |  4- 6 || total
-------------------------+-------+-------++-------
Melee: Hand axe          |   196 |   117 ||   313
       Kick              |    38 |    32 ||    70
Throw: Tomahawk          |     6 |     1 ||     7
Invok: Depart the Abyss  |     1 |       ||     1
  Use: Scroll            |     4 |       ||     4
       Potion            |     1 |     2 ||     3
  Eat: Chunk             |     6 |    11 ||    17
Armor: Leather armour    |    21 |       ||    21
       Ring mail         |    61 |    34 ||    95
       Chain mail        |       |    30 ||    30
Dodge: Dodged            |   145 |    63 ||   208
